 Dungeon Crawl Stone Soup version 0.21.1-1-g345015f (webtiles) character file.

705 Supreme the Digger (level 7, 0/40 HPs)
             Began as a Gargoyle Earth Elementalist on Apr 13, 2018.
             Slain by an ooze (1 damage)
             ... on level 4 of the Dungeon.
             The game lasted 00:33:37 (3272 turns).

Supreme the Digger (Gargoyle Earth Elementalist)    Turns: 3272, Time: 00:33:38

Health: 0/40       AC:  6    Str: 11    XL:     7   Next: 67%
Magic:  0/13       EV: 12    Int: 18    God:
Gold:   101        SH:  0    Dex: 10    Spells: 3/14 levels left

rFire    . . .     SeeInvis .   m - +2 short sword (protect)
rCold    . . .     Gourm    .   (no shield)
rNeg     + . .     Faith    .   c - +0 robe
rPois    ∞         Spirit   .   (no helmet)
rElec    +         Reflect  .   (no cloak)
rCorr    .         Harm     .   (no gloves)
MR       .....                  (no boots)
Stlth    ++........             (no amulet)
HPRegen  0.13/turn              (no ring)
MPRegen  0.13/turn              (no ring)

@: no status effects
A: negative energy resistance 1, electricity resistance, unbreathing,
petrification resistance, rot immunity, AC +4
a: no special abilities


You were on level 4 of the Dungeon.
You were not hungry.

You visited 1 branch of the dungeon, and saw 4 of its levels.
You also visited: Sewer.

You collected 101 gold pieces.

Inventory:

Hand Weapons
 a - a +0 dagger
 b - a +0 blowgun
 j - a +0 hand axe
 k - a +0 dagger
 m - a +2 short sword of protection (weapon)
 q - a +0 great sword
 r - a +0 trident
 t - a +0 hunting sling
 w - a cursed -1 whip
 A - a +0 dagger
 B - a +0 hand crossbow
 D - a +0 spear
 G - a +0 dagger
 H - a +0 short sword
 I - a +0 short sword
 J - a cursed -1 whip
 O - a +0 whip
 P - a +0 short sword
 U - a +4 dagger
 Y - a +0 mace
Missiles
 p - 7 poisoned needles
 s - 7 javelins (quivered)
 C - 17 bolts
 V - 20 arrows
Armour
 c - a +0 robe (worn)
 i - a +0 buckler
 v - a cursed +0 leather armour
 y - a +2 pair of boots
 z - a +0 robe
 E - a +0 shield
 N - a +0 leather armour
 R - a +0 scale mail
 X - a cursed +0 robe
Jewellery
 g - an uncursed ring of see invisible {unknown}
 x - an uncursed amulet of rage {unknown}
Scrolls
 n - a scroll of noise {unknown}
 o - a scroll of enchant weapon {unknown}
 u - a scroll of teleportation {unknown}
 F - a scroll of remove curse {unknown}
 Q - 3 scrolls of amnesia {unknown}
 W - a scroll of immolation {unknown}
Potions
 h - 7 potions of curing {unknown}
 l - a potion of ambrosia {unknown}
 K - 2 potions of agility {unknown}
 L - 3 potions of heal wounds {unknown}
 M - a potion of might {unknown}
 S - a potion of flight {unknown}
Books
 e - a book of Geomancy

   Spells                             Type                      Level
   a - Sandblast                      Earth                        1
   b - Passwall                       Transmutation/Earth          2
   c - Stone Arrow                    Conjuration/Earth            3
   d - Petrify                        Transmutation/Earth          4
   e - Lee's Rapid Deconstruction     Earth                        5
Comestibles
 d - 5 rations
 f - 5 chunks of flesh


   Skills:
 + Level 2.1 Fighting
 + Level 2.9 Dodging
 + Level 2.5 Stealth
 + Level 4.3 Spellcasting
 + Level 0.5 Conjurations
 + Level 0.8 Transmutations
 * Level 7.6 Earth Magic


You had 3 spell levels left.
You knew the following spells:

 Your Spells              Type           Power        Failure   Level  Hunger
a - Sandblast             Erth           ####..       1%          1    None
b - Passwall              Tmut/Erth      ###.......   3%          2    ##.....
c - Stone Arrow           Conj/Erth      ###...       8%          3    ###....
d - Lee's Rapid Deconstr  Erth           ####......   17%         5    ######.


Dungeon Overview and Level Annotations

Branches:
Dungeon (4/15)
 Temple: D:4-7

Altars:
Cheibriados
Dithmenos
Yredelemnul


Innate Abilities, Weirdness & Mutations

You are resistant to torment.
Your stone body is resilient. (AC +4)
You are immune to poison.
You resist negative energy. (rN+)
You are resistant to electric shocks. (rElec)
You can survive without breathing.
You are immune to petrification.
You are immune to rotting.


Message History

Press: ? - help, Shift-Dir - straight line, f/p - ooze
Aim: an ooze You don't have any stones to cast with.
Casting: Sandblast
Confirm with . or Enter, or press ? or * to list all spells.
Okay, then.
You hit the ooze.
Your weapon exudes an aura of protection.
The ooze is lightly wounded.
The ooze closely misses you.
An orc priest opens the door.
The orc priest calls down the wrath of Beogh upon you.
Beogh smites you!
* * * LOW HITPOINT WARNING * * *
There is an open door here.
Unknown command.
Casting: Sandblast
Confirm with . or Enter, or press ? or * to list all spells.
Which direction?
The ooze hits you.
You die...

#.#
#)#####################
#>.....................
##.o..#############....
#......# #......
#...##.# #.#....
#...##.# #.#....
#...##J###### #.#....
#...#@o.....####.#(...
#####.......'....#....
#.......##)..#....
#.......##...#....
##########........
#.###.... #.# #....
##.###.... #.........


You could see an orc priest and an ooze.

Vanquished Creatures
  3 big kobolds (Sewer)
  A scorpion (D:3)
  An orc priest (D:4)
  2 hounds
  An iguana (D:4)
  12 adders
  9 river rats
  2 oozes
  A dart slug (D:3)
  4 worms
  2 leopard geckos
  4 orcs
  9 ball pythons
  4 giant cockroaches
  8 goblins
  6 hobgoblins
  6 jackals
  19 kobolds
  5 quokkas
  8 bats
  2 frilled lizards
  A quokka skeleton (D:4)
  27 rats
137 creatures vanquished.

Notes
Turn   | Place    | Note
-------+----------+-------------------------------------------
     0 | D:1      | Supreme the Gargoyle Earth Elementalist began the quest for the Orb.
     0 | D:1      | Reached XP level 1. HP: 10/10 MP: 3/3
   189 | D:1      | Reached skill level 4 in Earth Magic
   208 | D:1      | Reached XP level 2. HP: 12/15 MP: 1/5
   212 | D:1      | Learned a level 2 spell: Passwall
   579 | D:1      | Reached XP level 3. HP: 19/19 MP: 4/6
   842 | D:2      | Found a snail-covered altar of Cheibriados.
   842 | D:2      | Found a basalt altar of Yredelemnul.
   974 | D:2      | Reached skill level 5 in Earth Magic
  1423 | D:3      | Reached XP level 4. HP: 24/24 MP: 7/7
  1437 | D:3      | Found a shadowy altar of Dithmenos.
  1506 | D:3      | Reached XP level 5. HP: 25/28 MP: 4/9
  1579 | D:3      | Found a glowing drain.
  1584 | Sewer    | Entered a sewer
  1626 | Sewer    | Learned a level 3 spell: Stone Arrow
  1645 | Sewer    | Noticed a big kobold
  1653 | Sewer    | Killed a big kobold
  1653 | Sewer    | Reached skill level 6 in Earth Magic
  1653 | Sewer    | Reached XP level 6. HP: 33/33 MP: 3/11
  1791 | Sewer    | Reached skill level 1 in Fighting
  2095 | Sewer    | Reached XP level 7. HP: 30/38 MP: 3/12
  2237 | Sewer    | Reached skill level 7 in Earth Magic
  2574 | D:3      | Learned a level 5 spell: Lee's Rapid Deconstruction
  2944 | D:4      | Noticed a hippogriff
  3270 | D:4      | HP: 1/40 [orc priest/divine providence (10)]
  3272 | D:4      | Slain by an ooze

Skill      XL: |  1  2  3  4  5  6  7 |
---------------+----------------------+-----
Earth Magic    | 4 5 6 7 |  7.6
Dodging        | 2 |  2.9
Spellcasting   | 3 4 |  4.3
Fighting       | 1 2 |  2.1
Stealth        | |  2.5
Conjurations   | |  0.5
Transmutations | |  0.8

Action                   |  1- 3 |  4- 6 |  7- 9 || total
-------------------------+-------+-------+-------++-------
Melee: Dagger            |    53 |       |       ||    53
       Short sword       |    49 |   121 |   107 ||   277
 Cast: Sandblast         |    30 |    41 |    11 ||    82
       Passwall          |     2 |       |     2 ||     4
       Stone Arrow       |       |     7 |    16 ||    23
       Lee's Rapid Decon |       |       |     1 ||     1
 Stab: Sleeping          |       |     1 |       ||     1
  Eat: Chunk             |     2 |     3 |     6 ||    11
Armor: Robe              |    59 |    57 |    54 ||   170
Dodge: Dodged            |    86 |   101 |    79 ||   266
